 Dungeon Crawl Stone Soup version 0.29-a0-234-g0dae59b3db (webtiles) character file.

Game seed: 14849610292594656644

2326 jfcaron the Skirmisher (level 9, -16/65 (74) HPs)
             Began as a Demonspawn Monk on Mar 3, 2022.
             Was a Believer of Qazlal.
             Killed by an exploding kobold (32 damage)
             ... ignited by their inner flame
             ... on level 7 of the Dungeon.
             The game lasted 00:17:29 (8795 turns).

jfcaron the Skirmisher (Demonspawn Monk)            Turns: 8795, Time: 00:17:30

HP:   -16/65 (74)   AC:  9    Str: 17    XL:     9   Next: 19%
MP:   0/9           EV: 10    Int: 12    God:    Qazlal [**....]
Gold: 119           SH:  2    Dex: 16    Spells: 8/8 levels left

rFire   . . .      SeeInvis +   a - +1 hand axe (freeze)
rCold   + . .      Faith    .   (no shield)
rNeg    . . .      Spirit   +   i - +0 scale mail
rPois   .          Reflect  .   (helmet restricted)
rElec   .          Harm     .   (no cloak)
rCorr   .          Rampage  .   (no gloves)
Will    .....                   (no boots)
Stlth   +.........              (no amulet)
HPRegen 0.20/turn               n - ring of see invisible
MPRegen 0.22/turn               p - ring of protection from cold

@: heavily drained
A: thin metallic scales 1, magic shield, magic regeneration, weakness stinger 1,
horns 1, strong 1
a: Renounce Religion, Upheaval


You were on level 7 of the Dungeon.
You worshipped Qazlal.
Qazlal was pleased with you.
You visited 2 branches of the dungeon, and saw 8 of its levels.
You also visited: Sewer.

You collected 338 gold pieces.
You spent 219 gold pieces at shops.

Inventory:

Hand Weapons
 a - a +1 hand axe of freezing (weapon)
Missiles
 f - 2 throwing nets {!f}
 t - 9 poisoned darts
 v - 2 datura-tipped darts
Armour
 b - a +0 robe
 i - a +0 scale mail (worn)
Jewellery
 n - a ring of see invisible (left hand)
 p - a ring of protection from cold (right hand)
 s - a ring of flight
Scrolls
 c - 4 scrolls of blinking
 g - 3 scrolls of teleportation
 m - a scroll of fog
 r - 2 scrolls of brand weapon
 u - a scroll of vulnerability
 w - a scroll of torment
 z - a scroll of enchant armour
 A - a scroll of amnesia
Potions
 d - 2 potions of heal wounds
 e - a potion of attraction
 h - 2 potions of haste
 j - a potion of magic
 k - a potion of mutation
 l - 3 potions of lignification
 o - 2 potions of flight
 q - 2 potions of curing
 B - a potion of might {unknown}


   Skills:
 + Level 7.8 Fighting
 + Level 7.0 Axes
 + Level 6.3 Armour
 - Level 2.6 Dodging
 - Level 1.7 Stealth


You had 8 spell levels left.
You didn't know any spells.
Your spell library contained the following spells:

 Spells                   Type           Power      Damage    Failure   Level
 Summon Small Mammal      Summ           0%         N/A       69%         1
 Call Canine Familiar     Summ           0%         N/A       96%         3
 Summon Guardian Golem    Hex/Summ       0%         N/A       96%         3


Dungeon Overview and Level Annotations

Branches:
Dungeon (7/15)             Temple (1/1) D:5           Sewer (visited)

Altars:
Cheibriados
Dithmenos
Elyvilon
Fedhas
Gozag
Hepliaklqana
Kikubaaqudgha
Makhleb
Nemelex Xobeh
Okawaru
Qazlal
Ru
Sif Muna
Trog
Uskayaw
Vehumet
Wu Jian
Xom
Zin
The Shining One

Shops:
D:5 (?

Annotations:
D:3 come back with digging
D:7 Joseph


Innate Abilities, Weirdness & Mutations

You are partially covered in thin metallic scales. (AC +2)
When hurt, damage is shared between your health and your magic reserves.
You regenerate magic rapidly.
You have a small tail.
You have a pair of small horns on your head.
Your muscles are strong. (Str +2)


Message History

The slime creature hits you but does no damage.
The water moccasin closely misses you.
Unknown command.
You aren't carrying any items that you can evoke.
Found a stone staircase leading down.
Found a glowing chain mail.
You block the water moccasin's attack.
Throw: 3 darts (datura)
Press: ? - help, Shift-Dir - straight line, f - water moccasin
Aim: a water moccasin (inner flame, 46% to hit, chance to frenzy on hit: 41%)
You throw a datura-tipped dart.
The datura-tipped dart closely misses the water moccasin.
The datura-tipped dart hits the orc.
The orc flies into a frenzy!
The orc hits the orc with a +0 dagger.
Flame seeps out of the orc.
The orc wizard hits the orc with a +0 dagger.
The orc explodes!
The fiery explosion engulfs the orc wizard!!!
Qazlal accepts your kill.
The fiery explosion engulfs the orc!!!
Qazlal accepts your kill.
The fiery explosion engulfs the orc!!!
Qazlal accepts your kill.
The fiery explosion engulfs the water moccasin!!
Qazlal accepts your kill.
The fiery explosion engulfs the orc wizard!!
Qazlal accepts your kill.
You can now call upon nature to destroy your foes.
The fiery explosion engulfs the slime creature!!!
Flame seeps out of the slime creature.
The slime creature is severely wounded.
The orc wizard explodes!
The water moccasin explodes!
The fiery explosion engulfs the slime creature!!
Qazlal accepts your kill. The fiery explosion engulfs you!!
* * * LOW HITPOINT WARNING * * *
The fiery explosion engulfs the kobold!!
Qazlal accepts your kill.
The kobold explodes!
The fiery explosion engulfs you!!
You die...

#####..≈#####≈....#
#......≈≈≈≈≈≈≈....#
#>................####
#....................K
#......§§..K..........
......)§§§..K.........
......§○§§.K..........
[.....§§§KK...####....
......#@§§K...# ...
.......§§.....# ##
......#.......#
#.............#
####+##########


You could see a kobold brigand (inner flame) and 5 kobolds.

Vanquished Creatures
  A komodo dragon (D:5)
  Prince Ribbit (D:6)
  A slime creature (D:7)
  Duvessa (D:6)
  A water moccasin (D:7)
  Pargi (Sewer)
  A black bear (D:5)
  2 sky beasts (D:6)
  3 ogres
  2 phantoms (D:5)
  A gnoll sergeant (D:5)
  3 scorpions
  3 wights
  Dowan (D:6)
  A howler monkey (D:6)
  4 hounds
  An orc priest (D:3)
  Jessica (D:2)
  2 orc wizards (D:7)
  4 iguanas
  4 gnolls (D:5)
  7 adders
  A shadow imp (D:6)
  2 white imps (D:5)
  2 ufetubi
  2 worms
  2 dart slugs
  9 orcs
  3 ball pythons
  4 endoplasms
  3 giant cockroaches
  7 goblins
  8 hobgoblins
  6 jackals
  10 kobolds
  4 quokkas
  5 bats
  5 frilled lizards
  5 rats
124 creatures vanquished.

Notes
Turn   | Place    | Note
-------+----------+-------------------------------------------
     0 | D:1      | jfcaron the Demonspawn Monk began the quest for the Orb.
     0 | D:1      | Reached XP level 1. HP: 18/18 MP: 1/1
   150 | D:1      | Found a faded altar of an unknown god.
   395 | D:1      | Gained mutation: You are partially covered in thin metallic
                  | scales. (AC +2) [demonic ancestry]
   395 | D:1      | Reached XP level 2. HP: 24/24 MP: 2/2
   767 | D:1      | Reached skill level 1 in Armour
  1563 | D:2      | Noticed Jessica
  1571 | D:2      | Killed Jessica
  1572 | D:2      | Reached XP level 3. HP: 29/29 MP: 3/3
  1895 | D:2      | Gained mutation: You regenerate magic rapidly. [demonic
                  | ancestry]
  1895 | D:2      | Reached XP level 4. HP: 28/37 MP: 4/4
  3463 | D:3      | Gained mutation: When hurt, damage is shared between your
                  | health and your magic reserves. [demonic ancestry]
  3463 | D:3      | Reached XP level 5. HP: 16/42 MP: 5/5
  3921 | D:4      | Found a glowing drain.
  4028 | Sewer    | Entered a sewer
  4031 | Sewer    | Noticed Pargi
  4033 | Sewer    | Gained mutation: You have a pair of small horns on your
                  | head. [potion of mutation]
  4033 | Sewer    | Gained mutation: Your muscles are strong. (Str +2) [potion
                  | of mutation]
  4060 | Sewer    | Killed Pargi
  4061 | Sewer    | Reached XP level 6. HP: 23/50 MP: 6/6
  4540 | D:4      | Found a burning altar of Makhleb.
  5229 | D:5      | Entered Level 5 of the Dungeon
  5304 | D:5      | Reached skill level 5 in Fighting
  5320 | D:5      | Reached XP level 7. HP: 30/56 MP: 4/7
  5613 | D:5      | Noticed a komodo dragon
  5625 | D:5      | Killed a komodo dragon
  5626 | D:5      | Reached skill level 5 in Axes
  5772 | D:5      | HP: 11/58 [gnoll sergeant/+0 trident (7)]
  5777 | D:5      | Gained mutation: You have a small tail. [demonic ancestry]
  5777 | D:5      | Reached XP level 8. HP: 37/64 MP: 0/8
  6130 | D:5      | Reached skill level 5 in Armour
  6443 | D:5      | Found a staircase to the Ecumenical Temple.
  6453 | Temple   | Entered the Ecumenical Temple
  6846 | D:5      | Found Utroyg's Weapon Emporium.
  6894 | D:5      | Found Ziror's Magic Scroll Emporium.
  6897 | D:5      | Bought a scroll of immolation for 38 gold pieces
  6897 | D:5      | Bought a scroll of identify for 22 gold pieces
  6897 | D:5      | Bought a scroll of identify for 22 gold pieces
  6897 | D:5      | Bought a scroll of identify for 22 gold pieces
  6897 | D:5      | Bought a scroll of enchant armour for 82 gold pieces
  6900 | D:5      | Bought a scroll of teleportation for 33 gold pieces
  6918 | D:5      | Found a stormy altar of Qazlal.
  7011 | D:5      | Became a worshipper of Qazlal Stormbringer
  7011 | D:5      | Reached * piety under Qazlal
  7011 | D:5      | Reached ** piety under Qazlal
  7553 | D:6      | Noticed Duvessa
  7558 | D:6      | Noticed Dowan
  7561 | D:6      | Killed Duvessa
  7569 | D:6      | Killed Dowan
  7743 | D:6      | Noticed Prince Ribbit
  7764 | D:6      | Killed Prince Ribbit
  7765 | D:6      | Reached XP level 9. HP: 55/72 MP: 7/9
  8710 | D:7      | HP: 1/65 [wight/+4 halberd (13)]
  8767 | D:7      | Noticed a two-headed ogre
  8773 | D:7      | Noticed Joseph
  8782 | D:7      | HP: 13/65 [water moccasin (3)]
  8783 | D:7      | Found a blossoming altar of Fedhas.
  8795 | D:7      | Killed by an exploding kobold... ignited by their inner
                  | flame

Illustrated notes

Levels and vault maps discovered:
D:1:      eino_arrival_cavern_d, layout_basic,
          hellmonk_ecumenical_altar_run_dry, nicolae_figureground_pulse
D:2:      layout_loops_ring, uniq_jessica
D:3:      layout_basic, amcnicky_mini_corridor_feature, skrybe_limestone_x,
          minmay_crystal_room, due_unseen_surprise
D:4:      layout_loops_ring, mainiacjoe_overflow_concentric_impassable,
          gup_sewer_entry_spiral
D:5:      layout_basic, grunt_qazlal_clouds, minmay_temple_entry_large_hall,
          serial_shops, nicolae_shop_behind_doors, nicolae_stop_n_shop_2
D:6:      layout_cave_pods, uniq_duvessa, uniq_prince_ribbit1
D:7:      layout_basic, enter_bailey_3, hangedman_feature_mirror, uniq_joseph
Temple:   dpeg_five_rooms_temple

Skill      XL: |  1  2  3  4  5  6  7  8  9 |
---------------+----------------------------+-----
Armour         | 1 2 3 4 6 |  6.3
Axes           | 3 4 5 6 7 |  7.0
Fighting       | 4 5 6 7 |  7.8
Dodging        | |  2.6
Stealth        | |  1.7

Action                   |  1- 3 |  4- 6 |  7- 9 || total
-------------------------+-------+-------+-------++-------
Melee: Hand axe          |   104 |   246 |   181 ||   531
       Punch             |       |     2 |     6 ||     8
       Headbutt          |       |    13 |    38 ||    51
       Tailslap          |       |       |    24 ||    24
Throw: Stone             |     5 |       |       ||     5
       Dart              |       |     9 |    45 ||    54
Invok: Upheaval          |       |       |     2 ||     2
  Use: Scroll            |       |     8 |     8 ||    16
       Potion            |       |     3 |     4 ||     7
 Stab: Sleeping          |     2 |       |       ||     2
       Invisible         |       |     6 |       ||     6
Armor: Robe              |    11 |       |       ||    11
       Scale mail        |    25 |   135 |    55 ||   215
Dodge: Dodged            |    52 |   170 |    79 ||   301
Block: Other             |       |       |     7 ||     7

Table legend: (Time is in decaauts)
 A = Elapsed time spent in this place.
 B = Non-inter-level travel time spent in this place.
 C = Inter-level travel time spent in this place.
 D = Time resting spent in this place.
 E = Time spent auto-exploring this place.
 F = Levels seen in this place.
 G = Mean time per level.
                   A        B        C        D        E       F      G
               +--------+--------+--------+--------+--------+-----+--------+
         Total |   8875 |   8574 |    301 |   2201 |   4981 |   9 |  986.1 |
       Dungeon |   8242 |   7989 |    253 |   2035 |   4655 |   7 | 1177.4 |
        Temple |    260 |    212 |     48 |      0 |    201 |   1 |  260.0 |
         Sewer |    371 |    371 |      0 |    166 |    125 |   1 |  371.0 |
               +--------+--------+--------+--------+--------+-----+--------+

Top non-repeatable levels by time:
     D:5: 1764 daAuts
     D:3: 1481 daAuts
     D:6: 1368 daAuts
     D:1: 1200 daAuts
     D:2: 1155 daAuts
     D:4: 1100 daAuts
   Sewer: 371 daAuts
  Temple: 260 daAuts
     D:7: 171 daAuts
